[Event "Cto Equipos Aragon 2013 Div. Honor I"]
[Site "Aragon"]
[Date "2013.01.26"]
[Round "1.3"]
[White "Laliena Solares, Luis M"]
[Black "Carraminana Lopez, Luis Antonio"]
[Result "1-0"]
[ECO "D05"]
[WhiteElo "2160"]
[BlackElo "1998"]
[PlyCount "69"]
[EventDate "2013.??.??"]
[EventType "tourn"]
[EventRounds "7"]
[EventCountry "ESP"]
[WhiteTeam "ONCE C.A. Aragon"]
[BlackTeam "Caissa - Hnos. Cortes"]
[TimeControl "120+1"]

{4MB, Eco2008.ctg, ASUS X51R} 1. d4 d5 2. Nf3 Nf6 3. e3 e6 4. Bd3 c5 5. b3 Nc6
6. O-O Bd6 7. Bb2 O-O 8. Nbd2 b6 9. a3 Bb7 10. Ne5 Rc8 11. f4 Ne7 12. Qf3 b5
13. dxc5 Bxc5 14. b4 Bb6 15. Nb3 Ne4 16. Nd4 a6 17. Qh3 Bxd4 18. Bxd4 Nf5 19.
Bxe4 dxe4 20. Bc5 Nd6 21. Rfd1 Bd5 22. Nd7 Re8 23. Nb6 Nc4 24. Nxc8 Qxc8 25.
Bd4 Nd6 26. Rd2 Rd8 27. Bc5 Nc4 28. Rd4 Bb7 29. Qg4 f5 30. Qg5 Rxd4 31. Bxd4
Qd7 32. h4 h6 33. Qg6 Bc6 34. Qg3 Qe8 35. Qxg7# 1-0

[Event "Cto Equipos Aragon 2013 Preferente I"]
[Site "Aragon"]
[Date "2013.01.26"]
[Round "1.36"]
[White "Olivan Alvira, Alejandro"]
[Black "Alvaro Rada, Gonzalo"]
[Result "1/2-1/2"]
[ECO "D02"]
[WhiteElo "1568"]
[BlackElo "1581"]
[PlyCount "28"]
[EventDate "2013.??.??"]
[EventType "tourn"]
[EventRounds "9"]
[EventCountry "ESP"]
[WhiteTeam "Jaime Casas B"]
[BlackTeam "Shatranj"]
[TimeControl "300"]

{479MB, Fritz10.ctg} 1. d4 d5 2. Bf4 Bf5 3. Nf3 Nf6 4. e3 e6 5. Bd3 Ne4 6. Nbd2
Bd6 7. Bxd6 Nxd6 8. Bxf5 exf5 9. Ne5 Nd7 10. Ndf3 O-O 11. O-O f6 12. Nxd7 Qxd7
13. Re1 Rae8 14. e4 dxe4 1/2-1/2

[Event "Cto Equipos Aragon 2013 Preferente I"]
[Site "Aragon"]
[Date "2013.??.09"]
[Round "3.37"]
[White "Soriano Ascaso, Ignacio"]
[Black "Del Corral Abancens, Alfonso"]
[Result "1/2-1/2"]
[ECO "A00"]
[WhiteElo "2131"]
[BlackElo "1923"]
[PlyCount "69"]
[EventDate "2013.??.??"]
[EventType "tourn"]
[EventRounds "9"]
[EventCountry "ESP"]
[WhiteTeam "Sabiñanigo"]
[BlackTeam "Shatranj"]
[TimeControl "40/2400:40/2400:2400"]

{600MB, Fritz12.ctg, TOSHIBA} 1. b4 e5 2. Bb2 Bxb4 3. Bxe5 Nf6
4. c4 Nc6 5. Bb2 O-O 6. Nf3 d5 7. cxd5 Nxd5 8. e3 Re8 9. Be2 Rxe3 10. fxe3 Nxe3
11. Qb3 Nxg2+ 12. Kd1 Be6 13. Qd3 Qe7 14. Rg1 Rd8 15. Nd4 Nxd4 16. Bxd4 Bd5 17.
Nc3 Bc6 18. Rxg2 Bxg2 19. a3 Ba5 20. Qc4 b6 21. Kc2 c5 22. Be3 Bh3 23. Bd3 Be6
24. Qf4 Qd7 25. Bb5 Bf5+ 26. Kb3 Be6+ 27. Ka4 Qc8 28. Rg1 Bxc3 29. dxc3 a6 30.
Rxg7+ Kxg7 31. Qh6+ Kg8 32. Qg5+ Kh8 33. Qf6+ Kg8 34. Qg5+ Kh8 35. Qf6+ 1/2-1/2

[Event "Cto Equipos Aragon 2013 Preferente I"]
[Site "Aragon"]
[Date "2013.02.09"]
[Round "3.38"]
[White "Munoz Bornao, Miguel Angel"]
[Black "Pardo Calvo, Carlos"]
[Result "1-0"]
[ECO "B80"]
[WhiteElo "1778"]
[BlackElo "1818"]
[PlyCount "95"]
[EventDate "2013.??.??"]
[EventType "tourn"]
[EventRounds "9"]
[EventCountry "ESP"]
[WhiteTeam "Shatranj"]
[BlackTeam "Sabiñanigo"]
[TimeControl "40/2400:40/2400:2400"]

{600MB, Fritz12.ctg, TOSHIBA} 1. e4 c5 2. Nf3 d6 3. d4 cxd4 4.
Nxd4 Nf6 5. Nc3 a6 6. a4 e6 7. Be3 Be7 8. Bd3 O-O 9. O-O Bd7 10. f4 Nc6 11. h3
Rc8 12. Nf3 Nb4 13. e5 Nxd3 14. exf6 Bxf6 15. Qxd3 Qc7 16. Bd4 Bxd4+ 17. Qxd4
Bc6 18. Kh1 Rfe8 19. Rad1 e5 20. Qxd6 e4 21. Qxc7 Rxc7 22. Nd4 g6 23. Nxc6 Rxc6
24. Rd7 b5 25. axb5 axb5 26. Kg1 Rc4 27. Rfd1 Kg7 28. R7d4 f5 29. Rxc4 bxc4 30.
Kf2 Rb8 31. Na4 Rb4 32. Rd7+ Kh6 33. Ra7 Rb5 34. Rc7 Rb4 35. Ra7 Rb5 36. c3 Rd5
37. Rc7 Rd2+ 38. Kf1 Rd1+ 39. Ke2 Rh1 40. Kf2 Rc1 41. Rxc4 Kh5 42. Rd4 Rc2+ 43.
Kg3 Re2 44. b4 Ra2 45. b5 e3 46. b6 e2 47. Kf2 Kh4 48. b7 1-0

[Event "Cto Equipos Aragon 2013 Preferente I"]
[Site "Aragon"]
[Date "2013.02.09"]
[Round "3.39"]
[White "Garcia Estruch, Jorge"]
[Black "Ballonga Arruebo, Alejandro"]
[Result "1-0"]
[ECO "C01"]
[WhiteElo "1796"]
[BlackElo "1706"]
[PlyCount "53"]
[EventDate "2013.??.??"]
[EventType "tourn"]
[EventRounds "9"]
[EventCountry "ESP"]
[WhiteTeam "Sabiñanigo"]
[BlackTeam "Shatranj"]
[TimeControl "40/2400:40/2400:2400"]

{600MB, Fritz12.ctg, TOSHIBA} 1. e4 e6 2. d4 d5 3. exd5 exd5 4. c4 Nc6 5. Be3 Bb4+ 6. Nc3 Nf6 7. a3 Bxc3+ 8. bxc3 Qe7
9. h3 Bf5 10. Nf3 O-O 11. Be2 Rad8 12. O-O Ne4 13. Qc1 Rfe8 14. cxd5 Ng3 15.
fxg3 Qxe3+ 16. Qxe3 Rxe3 17. Kf2 Rxc3 18. dxc6 Rxc6 19. Rac1 Be4 20. Rxc6 Bxc6
21. Rd1 Be4 22. Ne5 f6 23. Ng4 Re8 24. Ne3 Bc6 25. Bf3 Be4 26. Rc1 c6 27. d5
1-0

[Event "Cto Equipos Aragon 2013 Preferente I"]
[Site "Aragon"]
[Date "2013.01.23"]
[Round "5.33"]
[White "Soriano Ascaso, Ignacio"]
[Black "Rodriguez Leiva, Manuel"]
[Result "1-0"]
[ECO "A01"]
[WhiteElo "2131"]
[BlackElo "2034"]
[PlyCount "85"]
[EventDate "2013.??.??"]
[EventType "tourn"]
[EventRounds "9"]
[EventCountry "ESP"]
[WhiteTeam "Sabiñanigo"]
[BlackTeam "Jaime Casas B"]
[TimeControl "40/2400:40/2400:2400"]

{600MB, Fritz12.ctg, TOSHIBA} 1. b3 e5 2. Bb2 Nc6 3. e3 Nf6 4. Bb5 d6 5.
Ne2 a6 6. Bxc6+ bxc6 7. O-O Be7 8. d4 e4 9. c4 d5 10. Qc2 O-O 11. Ba3 Bd6 12.
Bxd6 Qxd6 13. cxd5 cxd5 14. Rc1 Bg4 15. Ng3 Rfc8 16. h3 Bd7 17. Qc5 Qe6 18. Nc3
h5 19. Nxh5 Nxh5 20. Nxd5 Nf6 21. Nxc7 Rxc7 22. Qxc7 Nd5 23. Qa5 Rb8 24. Rc5
Nb4 25. Re5 Qg6 26. Rg5 Qf6 27. Qe5 Rb6 28. Qxf6 Rxf6 29. Rc1 Nxa2 30. Rc7 Rd6
31. Re5 Be6 32. Rxe4 Bxb3 33. Re8+ Kh7 34. Rb8 Be6 35. f4 a5 36. g4 a4 37. f5
Bb3 38. Rcc8 g6 39. f6 g5 40. e4 Rxd4 41. e5 Rd1+ 42. Kf2 Rd2+ 43. Ke3 1-0

[Event "Cto Equipos Aragon 2013 Preferente I"]
[Site "Aragon"]
[Date "2013.03.02"]
[Round "6.49"]
[White "Soriano Ascaso, Ignacio"]
[Black "Felez Casedas, Carlos"]
[Result "0-1"]
[ECO "A03"]
[WhiteElo "2131"]
[BlackElo "2012"]
[PlyCount "65"]
[EventDate "2013.??.??"]
[EventType "tourn"]
[EventRounds "9"]
[EventCountry "ESP"]
[WhiteTeam "Sabiñanigo"]
[BlackTeam "L`Aurora Estadilla B"]
[TimeControl "40/2400:40/2400:2400"]

{600MB, Fritz12.ctg, TOSHIBA} 1. f4 d5 2. Nf3 Nf6 3. e3 Bg4 4. Be2 Bxf3 5. Bxf3
e6 6. b3 Nbd7 7. Bb2 Bd6 8. Nc3 c6 9. Qe2 Qe7 10. O-O h6 11. d4 g5 12. e4 dxe4
13. Nxe4 Nxe4 14. Bxe4 gxf4 15. c4 Rg8 16. c5 Bc7 17. b4 Qh4 18. Bf3 Nf6 19.
Qe1 Qxe1 20. Raxe1 O-O-O 21. a4 a6 22. b5 axb5 23. axb5 cxb5 24. Be2 b4 25. Bb5
Nd5 26. Ra1 Rg6 27. c6 Rdg8 28. Ra8+ Bb8 29. Rc1 Rxg2+ 30. Kf1 b3 31. cxb7+
Kxb7 32. Rxb8+ Kxb8 33. Ba1 0-1

[Event "Cto Equipos Aragon 2013 Preferente I"]
[Site "Aragon"]
[Date "2013.03.02"]
[Round "6.50"]
[White "Betran Rabal, Alberto"]
[Black "Pardo Calvo, Carlos"]
[Result "0-1"]
[ECO "D45"]
[WhiteElo "1936"]
[BlackElo "1818"]
[PlyCount "60"]
[EventDate "2013.??.??"]
[EventType "tourn"]
[EventRounds "9"]
[EventCountry "ESP"]
[WhiteTeam "L`Aurora Estadilla B"]
[BlackTeam "Sabiñanigo"]
[TimeControl "40/2400:40/2400:2400"]

{600MB, Fritz12.ctg, TOSHIBA} 1. d4 d5 2. c4 e6 3. Nc3 Nf6 4.
e3 c6 5. Nf3 dxc4 6. Bxc4 Nbd7 7. O-O Nd5 8. e4 Nxc3 9. bxc3 Nf6 10. Re1 Be7
11. a4 O-O 12. Qb3 Re8 13. Bf4 Nh5 14. Bd2 Nf6 15. h3 b6 16. Ne5 Bb7 17. Bf4
Bf8 18. Rad1 Qe7 19. Bg5 h6 20. Bh4 g5 21. Bg3 Nh5 22. Re3 Nxg3 23. Rxg3 Bg7
24. Nd3 b5 25. axb5 cxb5 26. Bxb5 Rab8 27. c4 a6 28. Ne5 Bxe4 29. Nd7 Qxd7 30.
Bxd7 Rxb3 0-1